Map: Dusk Towers

Players

Miszu - Winner!

  • Race: Terran Terran
  • League: Master

Lewiatan

  • Race: Protoss Protoss

VOD

Have the link to the VOD?

Description

Time

  • Played on: Feb. 6, 2016, 5:22 a.m.
  • Length: 3:24
Show
View Real Time Build Order
Export as new Build Order

Miszu Terran - Winner!

Build Orders:  

Get SALT Encoding   

  12  0:01  SCV  
  13  0:14  SCV  
  13  0:18  Supply Depot  
  14  0:26  SCV  
  16  0:45  Refinery, Barracks  
  15  0:56  SCV  
  16  1:05  Barracks  
  16  1:08  SCV  
  17  1:20  SCV  
  18  1:32  Orbital Command  
  18  1:33  Barracks Tech Lab  
  18  1:38  Supply Depot  
  18  1:52  Barracks Tech Lab  
  18  1:54  Marauder  
  20  1:56  Concussive Shells  
  20  2:06  SCV  
  20  2:07  Supply Depot  
  21  2:15  Marauder  
  23  2:20  Marauder  
  25  2:23  SCV  
  26  2:31  Supply Depot  
  26  2:35  SCV  
  27  2:38  Marauder  
  29  2:46  Marauder  
  31  2:54  SCV  
  32  3:00  Marauder  
  34  3:07  SCV  
  37  3:13  Supply Depot  
Show
View Real Time Build Order
Export as new Build Order

Lewiatan Protoss 

Build Orders:  

Get SALT Encoding   

  12  0:01  Probe (Chrono Boost)  
  13  0:12  Probe (Chrono Boost)  
  14  0:23  Pylon  
  14  0:29  Assimilator, Probe (Chrono Boost)  
  15  0:46  Probe (Chrono Boost)  
  15  0:49  Gateway  
  16  0:55  Assimilator  
  16  0:56  Probe (Chrono Boost)  
  17  1:07  Probe (Chrono Boost)  
  18  1:17  Probe (Chrono Boost)  
  19  1:19  Gateway  
  19  1:28  Probe (Chrono Boost)  
  20  1:37  Zealot (Chrono Boost)  
  20  1:38  Pylon  
  22  1:41  Probe  
  23  2:11  Cybernetics Core  
  25  2:16  Zealot (Chrono Boost)  
  25  2:19  Probe, Zealot (Chrono Boost)  
  28  2:31  Probe  
  28  2:35  Pylon  
  29  2:37  Forge  
Tags
 
Add a new tag
Caveats
  • Supply blocks, unpowered buildings, or Contaminate may cause inaccurate times.
  • Supply counts are checked every 10 seconds.